 Dungeon Crawl Stone Soup version 0.30.0-19-g36f170ea60 (webtiles) character file.

Game seed: 8153300997684655395

100 cheesebisquit the Ruffian (level 4, -3/44 HPs)
             Began as a Troll Fighter on June 1, 2023.
             Slain by an orc
             ... wielding a +0 hand axe
              (6 damage)
             ... on level 3 of the Dungeon.
             The game lasted 00:04:45 (1688 turns).

cheesebisquit the Ruffian (Troll Fighter)           Turns: 1688, Time: 00:04:46

Health: -3/44      AC:  4    Str: 24    XL:     4   Next: 47%
Magic:  3/3        EV:  8    Int:  6    God:
Gold:   119        SH:  8    Dex:  9    Spells: 3/3 levels left

rFire   . .          .
                       - Unarmed
rCold   . . .        b - +0 kite shield
rNeg    . . .        a - +0 robe
rPois   .            (helmet restricted)
rElec   .            (no cloak)
rCorr   .            (gloves unavailable)
SInv    .            (boots unavailable)
Will    .....        (no amulet)
Stlth   +            (no ring)
HPRegen 1.07/turn    (no ring)
MPRegen 0.08/turn

%: no passive effects
@: hasted, very quick
A: large, unfitting armour, claws 3, regeneration 1, shaggy fur 1, tough skin 1
a: no special abilities


You were on level 3 of the Dungeon.
You visited 1 branch of the dungeon, and saw 3 of its levels.

You collected 119 gold pieces.

Inventory:

Missiles
 e - a poisoned dart (quivered)
Armour
 a - a +0 robe (worn)
 b - a +0 kite shield (worn)
Jewellery
 l - a +6 ring of intelligence
Scrolls
 c - a scroll of fear {unknown}
 f - a scroll of fog {unknown}
 h - a scroll of teleportation {unknown}
 k - 2 scrolls of identify {unknown}
 o - a scroll of silence {unknown}
Potions
 d - a potion of attraction {unknown}
 g - a potion of haste
 i - a potion of heal wounds {unknown}
 j - a potion of cancellation {unknown}
 m - a potion of flight {unknown}
 n - a potion of lignification {unknown}


   Skills:
 - Level 2.4 Fighting
 - Level 2.4 Dodging
 + Level 3.3 Shields
 + Level 4.2 Unarmed Combat


You had 3 spell levels left.
You didn't know any spells.
Your spell library contained the following spells:

 Spells                   Type           Power      Damage    Failure   Level
 Sting                    Tmut/Pois      0%         1d3       71%         1
 Poisonous Vapours        Pois/Air       0%         N/A       85%         2
 Olgreb's Toxic Radiance  Pois           0%         N/A       100%        4


Dungeon Overview and Level Annotations

Branches:
Dungeon (3/15)

Altars:

Shops:
D:1 :


Innate Abilities, Weirdness & Mutations

You are too large for most types of armour.
You have claws for hands.
Your natural rate of healing is unusually fast.
You are covered in fur. (AC +1)
You have tough skin. (AC +1)


Message History

The orc barely misses you. Something hits you.
You closely miss the orc.
The orc is heavily wounded.
The orc hits you with a +0 hand axe. Something hits you.
Okay, then.
You're too confused to move!
The orc hits you with a +0 hand axe. Something hits you.
You closely miss the orc.
The orc is heavily wounded.
The orc barely misses you. Something hits you.
You bump into the rock wall.
The orc barely misses you. Something hits you but does no damage.
You closely miss the orc.
The orc is heavily wounded.
The orc closely misses you. Something hits you.
You barely miss the orc.
The orc is heavily wounded.
The orc hits you with a +0 hand axe.
You hear some strange, mumbled words.
A magic dart appears from out of thin air!
The magic dart hits you.
* * * LOW HITPOINT WARNING * * *
You're too confused to move!
You feel less confused. The orc barely misses you. Something hits you.
* * * LOW HITPOINT WARNING * * *
You barely miss the orc.
The orc is heavily wounded.
The orc hits you with a +0 hand axe.
* * * LOW HITPOINT WARNING * * *
You hear some strange, mumbled words.
A puff of flame appears from out of thin air!
The puff of flame hits you.
* * * LOW HITPOINT WARNING * * *
Something hits you but does no damage. You block the orc's attack.
Okay, then.
Okay, then.
It was a potion of haste.
You feel yourself speed up. The orc hits you with a +0 hand axe.
You die...

#....†...#
##.###.#.#
#.#.# ###.#
#.#.# ....#
#.#.#
#..###.#.#
.#........#
......o)###
.### ###^###@#
....(###o###{#
.#.#........>#
.......).#####
##########


You could see an orc.

Vanquished Creatures
  3 gnolls
  3 worms (D:2)
  2 dart slugs
  4 orcs (D:3)
  5 ball pythons
  3 bats (D:2)
  8 endoplasms
  4 giant cockroaches
  3 hobgoblins
  4 kobolds (D:1)
  2 quokkas
  3 frilled lizards (D:1)
  4 goblins
  4 rats
52 creatures vanquished.

Notes
Turn   | Place    | Note
-------+----------+-------------------------------------------
     0 | D:1      | cheesebisquit the Troll Fighter began the quest for the
                  | Orb.
     0 | D:1      | Reached XP level 1. HP: 22/22 MP: 0/0
   126 | D:1      | Reached XP level 2. HP: 29/29 MP: 1/1
   206 | D:1      | Found Gufats's Book Shoppe.
   306 | D:1      | Reached skill level 3 in Unarmed Combat
   318 | D:1      | Found a faded altar of an unknown god.
   825 | D:2      | Reached XP level 3. HP: 36/36 MP: 2/2
  1054 | D:2      | Reached skill level 4 in Unarmed Combat
  1131 | D:2      | Reached XP level 4. HP: 39/44 MP: 3/3
  1687 | D:3      | HP: 2/44 [something/puff of flame (4)]
  1688 | D:3      | Slain by an orc

Illustrated notes

Levels and vault maps discovered:
D:1:      minmay_arrival_floating_metal, layout_rooms,
          hellmonk_ecumenical_altar_arch_garden, serial_shops, shop
D:2:      minmay_skewed_foursquare, layout_loops_ring, kennysheep_minor_cross,
          corexii_shack, st_stairs_7, kennysheep_generic_room_11
D:3:      kennysheep_the_goblin_king, layout_loops_ring, vehumet_crystals,
          uniq_ijyb

Skill      XL: |  1  2  3 |
---------------+----------+-----
Unarmed Combat | 3 4 |  4.2
Shields        | 3 |  3.3
Fighting       | |  2.4
Dodging        | |  2.4

Action                     |  1- 3 |  4- 6 || total
---------------------------+-------+-------++-------
  Melee: Unarmed           |    81 |    50 ||   131
  Throw: Dart              |     3 |     1 ||     4
    Use: Potion            |     1 |     1 ||     2
   Stab: Sleeping          |       |     1 ||     1
 Armour: Robe              |    19 |    21 ||    40
  Dodge: Dodged            |    19 |    22 ||    41
  Block: Kite shield       |    20 |    13 ||    33
